 Dungeon Crawl Stone Soup version 0.22.1-2-g9c5b331 (webtiles) character file.

188 Yuikono the Gusty (level 5, -7/28 HPs)
             Began as a Tengu Air Elementalist on Dec 20, 2018.
             Mangled by Grinder (11 damage)
             ... on level 4 of the Dungeon.
             The game lasted 00:12:18 (4319 turns).

Yuikono the Gusty (Tengu Air Elementalist)          Turns: 4319, Time: 00:12:19

Health: -7/28      AC:  3    Str:  8    XL:     5   Next: 67%
Magic:  0/11       EV: 12    Int: 17    God:
Gold:   144        SH:  0    Dex: 14    Spells: 0/10 levels left

rFire    . . .     SeeInvis .   q - +0 spear
rCold    + . .     Gourm    .   (no shield)
rNeg     . . .     Faith    .   a - +0 robe
rPois    .         Spirit   .   (helmet restricted)
rElec    .         Reflect  .   (no cloak)
rCorr    .         Harm     .   t - +0 pair of gloves
MR       ++...     Clarity  +   (boots unavailable)
Stlth    ++........             (no amulet)
HPRegen  0.09/turn              g - ring of protection from magic
MPRegen  0.12/turn              (no ring)

@: very slightly contaminated
A: beak, talons 3, clarity, cold resistance 1, magic resistance 1, able to fly 1
a: Fly


You were on level 4 of the Dungeon.
You were not hungry.

You visited 1 branch of the dungeon, and saw 4 of its levels.

You collected 144 gold pieces.

Inventory:

Hand Weapons
 q - a +0 spear (weapon)
Missiles
 b - 5 tomahawks (quivered)
 e - 5 needles of paralysis
 h - 81 stones
 i - 23 sling bullets
 k - 47 bolts
 u - 9 poisoned needles
Armour
 a - a +0 robe (worn)
 t - a +0 pair of gloves (worn)
Jewellery
 g - a ring of protection from magic (left hand)
 l - a +3 ring of evasion {unknown}
Scrolls
 d - a scroll of identify {unknown}
 j - a scroll of random uselessness {unknown}
 o - 6 scrolls of teleportation {unknown}
 s - a scroll of immolation {unknown}
Potions
 f - a potion of brilliance {unknown}
 n - a potion of mutation
 p - a potion of flight {unknown}
 r - a potion of heal wounds {unknown}
Comestibles
 c - 5 rations
 m - a chunk of flesh


   Skills:
 - Level 2.1 Dodging
 - Level 2.0 Stealth
 + Level 3.3 Spellcasting
 + Level 4.0 Conjurations
 + Level 5.9 Air Magic


You couldn't memorise any spells.
You knew the following spells:

 Your Spells              Type           Power        Failure   Level  Hunger
a - Shock                 Conj/Air       ###.         2%          1    None
b - Swiftness             Chrm/Air       ##......     8%          2    ##.....
c - Static Discharge      Conj/Air       ###.....     7%          3    ###....
d - Airstrike             Air            ###.......   14%         4    ####...

Your spell library contained the following spells:

 Spells                   Type           Power        Failure   Level  Hunger
 Lightning Bolt           Conj/Air       ###.......   52%         5    ######.


Dungeon Overview and Level Annotations

Branches:
Dungeon (4/15)
 Temple: D:4-7

Altars:
Okawaru
Qazlal

Annotations:
D:3 Ijyb
D:4 Grinder, Menkaure


Innate Abilities, Weirdness & Mutations

You have a beak for a mouth.
You have claws for feet.
You can fly.
You possess an exceptional clarity of mind.
Your flesh is cold resistant. (rC+)
You are resistant to hostile enchantments. (MR+)


Message History

Grinder hits you.
You writhe in agony.
Casting: Shock (safe; 2% risk of failure)
Confirm with . or Enter, or press ? or * to list all spells.
Okay, then.
It was a potion of mutation.
You feel extremely strange.
Your thoughts seem clearer.
You feel resistant to hostile enchantments.
You feel resistant to cold. Grinder hits you.
You writhe in agony.
* * * LOW HITPOINT WARNING * * *
Okay, then.
Casting: Shock (safe; 2% risk of failure)
Confirm with . or Enter, or press ? or * to list all spells.
Aiming: Airstrike (safe; 14% risk of failure)
Press: ? - help, Dir - move target cursor, f/p - Grinder
Aim: Grinder (severely wounded)
The air twists around and strikes Grinder!
Grinder is almost dead.
Grinder hits you!
You die...

#.# ...##........# # ##.#
#......?# #..## # #####..#
##..##..# ##..###
#......## #..###..#
#...... #.####..#
##.......###....##
#..####........##.....##
##..##...###......##..##
.###...............####...
.........5@.........# ##..
............#####....# #..
#.........### #.....# #..
#.#........ ........#..
..######..... .....#......
.# ##..### #.....#..####
#### ..# # . # ##


You could see Grinder.

Vanquished Creatures
  A scorpion (D:4)
  4 gnolls (D:2)
  An adder (D:4)
  A worm (D:2)
  A dart slug (D:1)
  2 leopard geckos
  8 orcs
  4 giant cockroaches
  8 goblins
  10 hobgoblins
  3 jackals (D:1)
  8 kobolds
  7 bats
  11 frilled lizards
  A leopard gecko skeleton (D:4)
  10 rats
80 creatures vanquished.

Notes
Turn   | Place    | Note
-------+----------+-------------------------------------------
     0 | D:1      | Yuikono the Tengu Air Elementalist began the quest for the
                  | Orb.
     0 | D:1      | Reached XP level 1. HP: 10/10 MP: 4/4
   390 | D:1      | Reached XP level 2. HP: 14/15 MP: 3/6
  1014 | D:1      | Reached XP level 3. HP: 6/19 MP: 3/7
  1476 | D:1      | Learned a level 2 spell: Swiftness
  1480 | D:1      | Learned a level 3 spell: Static Discharge
  1828 | D:2      | Found an iron altar of Okawaru.
  1936 | D:2      | Reached skill level 5 in Air Magic
  2080 | D:2      | Reached XP level 4. HP: 12/24 MP: 0/9
  2580 | D:3      | Found a stormy altar of Qazlal.
  2662 | D:3      | Noticed Ijyb
  3160 | D:3      | Gained mutation: You can fly. [Tengu growth]
  3160 | D:3      | Reached XP level 5. HP: 28/28 MP: 7/10
  4192 | D:4      | Learned a level 4 spell: Airstrike
  4276 | D:4      | Noticed Menkaure
  4293 | D:4      | Noticed Grinder
  4318 | D:4      | Gained mutation: You possess an exceptional clarity of
                  | mind. [potion of mutation]
  4318 | D:4      | Gained mutation: You are resistant to hostile enchantments.
                  | (MR+) [potion of mutation]
  4318 | D:4      | Gained mutation: Your flesh is cold resistant. (rC+)
                  | [potion of mutation]
  4319 | D:4      | Mangled by Grinder

Skill      XL: |  1  2  3  4  5 |
---------------+----------------+-----
Conjurations   | 2 3 4 |  4.0
Air Magic      | 5 |  5.9
Spellcasting   | 3 |  3.3
Dodging        | |  2.1
Stealth        | |  2.0

Action                   |  1- 3 |  4- 6 || total
-------------------------+-------+-------++-------
Melee: Unarmed           |    37 |       ||    37
       Kick              |    15 |     9 ||    24
       Peck              |     9 |     3 ||    12
       Short sword       |     9 |       ||     9
       Dagger            |    32 |     7 ||    39
       Spear             |       |    51 ||    51
 Cast: Shock             |    39 |    54 ||    93
       Airstrike         |       |     1 ||     1
  Use: Potion            |       |     1 ||     1
 Stab: Sleeping          |     1 |     3 ||     4
  Eat: Chunk             |     4 |     7 ||    11
Armor: Robe              |    38 |     8 ||    46
Dodge: Dodged            |    83 |    41 ||   124
